 Dungeon Crawl Stone Soup version 0.31-a0-1388-g4b2ba238e7 (webtiles) character file.

Game seed: 2041098072578428647

80 drugrobin the Sneak (level 3, -1/30 HPs)
             Began as a Demigod Delver on Dec 25, 2023.
             Slain by a hobgoblin
             ... wielding a +0 whip
              (4 damage)
             ... on level 2 of the Dungeon.
             The game lasted 00:05:20 (2183 turns).

drugrobin the Sneak (Demigod Delver)                Turns: 2183, Time: 00:05:21

Health: -1/30      AC:  5    Str: 17    XL:     3   Next: 98%
Magic:  5/5        EV: 11    Int: 12    God:
Gold:   146        SH:  0    Dex: 15    Spells: 2/2 levels left

rFire   . . .        a - +0 mace
rCold   . . .        (no shield)
rNeg    . . .        m - +0 ring mail
rPois   .            (no helmet)
rElec   .            (no cloak)
rCorr   .            (no gloves)
SInv    +            (no boots)
Will    .....        e - amulet of the acrobat
Stlth   ++           n - ring of see invisible
HPRegen 0.25/turn    (no ring)
MPRegen 0.09/turn

%: acrobat
@: no status effects
A: high MP 1, forlorn, divine attributes
a: no special abilities


You were on level 2 of the Dungeon.
You visited 1 branch of the dungeon, and saw 5 of its levels.

You collected 146 gold pieces.

Inventory:

Hand Weapons
 a - a +0 mace (weapon)
Armour
 b - a +0 leather armour
 m - a +0 ring mail (worn)
Magical Staves
 j - a staff of conjuration
Jewellery
 e - an amulet of the acrobat (around neck)
 n - a ring of see invisible (left hand)
Wands
 g - a wand of digging (3)
Scrolls
 c - 2 scrolls of fog
 d - a scroll of revelation
 i - a scroll of identify {unknown}
 p - a scroll of immolation {unknown}
Potions
 f - a potion of haste
 h - a potion of invisibility {unknown}
 k - a potion of heal wounds {unknown}
 l - a potion of brilliance {unknown}
 o - a potion of berserk rage {unknown}


   Skills:
 - Level 2.6 Fighting
 + Level 4.1 Maces & Flails
 - Level 1.7 Dodging
 - Level 4.5 Stealth


You had 2 spell levels left.
You didn't know any spells.
Your spell library contained the following spells:

 Spells                   Type           Power      Damage    Failure   Level
 Sandblast                Erth           0%         2d4       52%         1
 Passwall                 Alch/Erth      0%         N/A       67%         2
 Stone Arrow              Conj/Erth      0%         3d7       88%         3
 Brom's Barrelling Bould  Conj/Erth      0%         2d3       99%         4


Dungeon Overview and Level Annotations

Branches:
Dungeon (5/15)
 Temple: D:4-7

Annotations:
D:4 exclusions: black bear and white imp
D:5 exclusions: ogre, orc priest, shadow imp and ufetubus


Innate Abilities, Weirdness & Mutations

You have an increased reservoir of magic. (+10% MP)
You shall have no god before yourself.
Your divine heritage dramatically boosts your attributes as you level up.


Message History

The hobgoblin shouts!
The hobgoblin hits you but does no damage.
You barely miss the hobgoblin. The hobgoblin barely misses you.
You hit the hobgoblin but do no damage. The hobgoblin hits you with a +0 whip!
You barely miss the hobgoblin.
The hobgoblin hits you but does no damage.
You closely miss the hobgoblin. The hobgoblin hits you with a +0 whip.
You hit the hobgoblin but do no damage. The hobgoblin hits you with a +0 whip.
The hobgoblin barely misses you.
You are too injured to fight recklessly!
You are too injured to fight recklessly!
You are too injured to fight recklessly!
You are too injured to fight recklessly!
You are too injured to fight recklessly!
You closely miss the hobgoblin. The hobgoblin misses you.
You closely miss the hobgoblin. The hobgoblin hits you with a +0 whip.
You hit the hobgoblin but do no damage. The hobgoblin hits you with a +0 whip.
You barely miss the hobgoblin. The hobgoblin hits you with a +0 whip.
* * * LOW HITPOINT WARNING * * *
You hit the hobgoblin but do no damage. The hobgoblin closely misses you.
The hobgoblin hits you with a +0 whip.
* * * LOW HITPOINT WARNING * * *
Unknown command.
Unknown command.
Press: ? - help, v - describe, . - travel
Here: a hobgoblin, wielding a +0 whip and wearing a +0 plate armour The floor.
Unknown command.
Okay, then.
You hit the hobgoblin but do no damage. The hobgoblin barely misses you.
Unknown command.
Unknown command.
You barely miss the hobgoblin. The hobgoblin hits you with a +0 whip.
* * * LOW HITPOINT WARNING * * *
Unknown command.
Unknown command.
You hit the hobgoblin but do no damage. The hobgoblin closely misses you.
Unknown command.
You completely miss the hobgoblin. The hobgoblin hits you with a +0 whip.
You die...

#.# #......
.....#.#####
#.#####
###....#.....#
#.#
......#####.#
#.# .###....#
#.# #.#
........##
#.####.#
#......#
#.#>...#
#...g..#
#.######
#....@.####.#
..'......'....#
##
###......######
#. #......# #.
#......# #.
#......# #.
#......# #.
#......# #.
####### #.


You could see a hobgoblin.

Vanquished Creatures
  4 adders
  3 dart slugs (D:1)
  An orc (D:4)
  4 endoplasms
  3 giant cockroaches
  3 goblins (D:1)
  A hobgoblin (D:1)
  3 jackals (D:1)
  3 quokkas (D:1)
  4 ball pythons
  3 bats (D:2)
  A frilled lizard (D:1)
  4 kobolds
  A rat (D:1)
38 creatures vanquished.

Notes
Turn   | Place    | Note
-------+----------+-------------------------------------------
     0 | D:5      | drugrobin the Demigod Delver began the quest for the Orb.
     0 | D:5      | Reached XP level 1. HP: 18/18 MP: 3/3
    59 | D:5      | Noticed an ogre
   131 | D:5      | Noticed an orc priest
   246 | D:5      | Noticed an orc wizard
   413 | D:4      | Reached XP level 2. HP: 14/25 MP: 4/4
   502 | D:4      | Noticed an ogre
   618 | D:4      | Noticed a black bear
   867 | D:1      | Reached XP level 3. HP: 30/30 MP: 5/5
  2183 | D:2      | Slain by a hobgoblin

Illustrated notes

Levels and vault maps discovered:
D:1:      dpeg_arrival_boxorama, layout_loops_cross, patterned_corridor
D:2:      layout_basic, serial_shops, shop
D:3:      layout_loops_ring, grunt_qazlal_sundering, tgw_kikubaaqudgha,
          lemuel_coloured_pillars_altar, mainiacjoe_overflow_surrounded_room
D:4:      layout_basic, lemuel_round_altar, worldfamousw_hep_ancestral_shrine,
          nicolae_figureground_pulse
D:5:      layout_rooms, nicolae_overflow_crystal_walls,
          mainiacjoe_overflow_chevrons, mainiacjoe_overflow_catch_the_wave,
          serial_library, serial_library_hellmonk_room_c,
          serial_library_hellmonk_h_bend, serial_library_hellmonk_narrow_alcove,
          serial_library_hellmonk_open_cross,
          serial_library_regret_index_split_case,
          serial_library_hellmonk_h_bend, serial_library_hellmonk_junction,
          serial_library_hellmonk_layered_room, serial_library_hellmonk_room_c,
          serial_library_hellmonk_long_bookcase, minivault_26,
          dk_noncrumbling_4, roderic_serpentine_path,
          hangedman_abyss_or_decor_stabs

Skill      XL: |  1  2  3 |
---------------+----------+-----
Maces & Flails | 2 3 4 |  4.1
Fighting       | |  2.6
Dodging        | |  1.7
Stealth        | |  4.5

Action                     || total
---------------------------++-------
  Melee: Mace              ||   148
         Punch             ||     1
    Use: Scroll            ||     1
   Stab: Distracted        ||     1
         Sleeping          ||     6
 Armour: Leather armour    ||    31
         Ring mail         ||    61
  Dodge: Dodged            ||   109

Table legend: (Time is in decaauts)
 A = Elapsed time spent in this place.
 B = Non-inter-level travel time spent in this place.
 C = Inter-level travel time spent in this place.
 D = Time resting spent in this place.
 E = Time spent auto-exploring this place.
 F = Levels seen in this place.
 G = Mean time per level.
                   A        B        C        D        E       F      G
               +--------+--------+--------+--------+--------+-----+--------+
         Total |   2214 |   2112 |    102 |    135 |   1364 |   5 |  442.8 |
       Dungeon |   2214 |   2112 |    102 |    135 |   1364 |   5 |  442.8 |
               +--------+--------+--------+--------+--------+-----+--------+

Top non-repeatable levels by time:
     D:1: 891 daAuts
     D:2: 673 daAuts
     D:4: 374 daAuts
     D:5: 263 daAuts
     D:3: 11 daAuts
